 Dungeon Crawl Stone Soup version 0.18.1-48-g4cf74bf (webtiles) character file.

12430 Heedrag the Destroyer (level 11, -10/67 HPs)
             Began as a Deep Elf Conjurer on Aug 31, 2016.
             Was a Priest of Vehumet.
             Shot with an arrow by a minotaur (37 damage)
             ... in a labyrinth.
             The game lasted 00:41:09 (13510 turns).

Heedrag the Destroyer (Deep Elf Conjurer)          Turns: 13510, Time: 00:41:10

Health: -10/67     AC:  8    Str:  8    XL:     11   Next: 62%
Magic:  4/25       EV: 16    Int: 21    God:    Vehumet [***...]
Gold:   446        SH:  0    Dex: 15    Spells: 4 memorised, 20 levels left

rFire  + . .     SeeInvis +     W - staff of wizardry
rCold  . . .     Gourm    .     C - +0 robe {MR+}
rNeg   . . .     Faith    .     (no shield)
rPois  .         Spirit   .     i - +2 hat
rElec  .         Dismiss  .     R - +2 cloak {MR+}
rCorr  .         Reflect  .     K - +0 pair of gloves
SustAt .         Harm     +     (no boots)
MR     +++..                    A - amulet of harm
Stlth  +++.......               p - ring of see invisible
                                L - ring of wizardry

@: extremely resistant to hostile enchantments, fairly stealthy
A: camouflage 1, fire resistance 1, low mp 1, wild magic 1, evolution 1
a: Renounce Religion


You were in a labyrinth.
You worshipped Vehumet.
Vehumet was most pleased with you.
You were near starving.

You visited 3 branches of the dungeon, and saw 12 of its levels.
You visited the Abyss 1 time.
You also visited: Labyrinth.

You collected 446 gold pieces.

Inventory:

Hand Weapons
 d - a +0 short sword
 Q - a +2 dagger of venom
Armour
 a - a +0 robe
 h - a +0 large shield
 i - a +2 hat (worn)
 C - a +0 robe of magic resistance (worn)
 K - a +0 pair of gloves (worn)
 R - a +2 cloak of magic resistance (worn)
 U - a +0 troll leather armour
Magical Staves
 W - an uncursed staff of wizardry (weapon)
Jewellery
 p - a ring of see invisible (right hand)
 u - a +3 amulet of reflection
 A - an amulet of harm (around neck)
 L - a ring of wizardry (left hand)
Wands
 b - a wand of flame (11/48)
 P - a wand of paralysis (11/24)
 V - a wand of iceblast (9/15)
Scrolls
 e - 8 scrolls of remove curse
 j - 5 scrolls of identify
 q - 2 scrolls of magic mapping
 t - 3 scrolls of blinking
 z - a scroll of fog
 G - a scroll of teleportation
Potions
 m - 5 potions of flight
 s - 5 potions of curing
 w - a potion of ambrosia {unknown}
 D - 2 potions of berserk rage {unknown}
 F - a potion of mutation {unknown}
 H - a potion of magic {unknown}
 I - a potion of experience {unknown}
 J - 3 potions of heal wounds {unknown}
 O - a potion of cure mutation {unknown}
 T - a potion of might {unknown}
 X - 2 potions of degeneration {unknown}
Comestibles
 c - 7 bread rations
 f - a slice of pizza
 k - 6 meat rations
 r - 2 beef jerkies


   Skills:
 * Level 7.1 Fighting
 + Level 7.3 Dodging
 - Level 2.4 Stealth
 + Level 10.9 Spellcasting
 * Level 12.5 Conjurations
 - Level 10.2 Charms
 + Level 2.1 Fire Magic


You had 20 spell levels left.
You knew the following spells:

 Your Spells              Type           Power        Failure   Level  Hunger
a - Magic Dart            Conj           ####         1%          1    None
b - Iskenderun's Mystic   Conj           ######..     1%          4    #......
c - Iskenderun's Battles  Conj/Chrm      ######..     1%          5    ####...
d - Flame Tongue          Conj/Fire      #####        1%          1    None


Dungeon Overview and Level Annotations

Branches:
Dungeon (10/15)            Temple (1/1) D:4            Lair (1/8) D:10
    Orc: D:9-12

Altars:
Ashenzari
Cheibriados
Dithmenos
Elyvilon
Fedhas
Gozag
Kikubaaqudgha
Makhleb
Nemelex Xobeh
Okawaru
Pakellas
Qazlal
Ru
Sif Muna
Trog
Vehumet
Xom
Yredelemnul
Zin
The Shining One

Shops:
D:5 =   D:8 *

Annotations:
D:8 1 runed door


Innate Abilities, Weirdness & Mutations

Your skin changes colour to match your surroundings (Stealth).
Your flesh is heat resistant.
Your magical capacity is low (-10% MP).
Your spells are a little harder to cast, but a little more powerful.
You evolve.


Message History

Ye conjure a globe o' magical energy.
Castin': Iskenderun's Battlesphere Confirm wit' . or Enter, or press ? or * ta list all spells.
Aimin': Iskenderun's Mestic Blast
Press: ? - help, Shift-Dir - straight line, f/p - minotaur
Aim: a minotaur, wieldin' a shortbow o' flamin', wearin' a plate armour an' wearin' a notched tourmaline rin' (lightly wounded) Tha orb o' energy hits tha minotaur.
Tha minotaur be moderately wounded.
Yer battlesphere fires!
Tha barrage o' energy hits tha minotaur.
Tha minotaur be severely wounded.
Tha minotaur shoots an arrow.
Tha arrow hits yer battlesphere!!
Yer battlesphere be destroyed!
Castin': Iskenderun's Mestic Blast Confirm wit' . or Enter, or press ? or * ta list all spells.
Ye conjure a globe o' magical energy.
Ye be near starvin'!
Tha minotaur shoots an arrow.
Tha arrow hits ye!!
Ouch! Tha re'lly hurt!
Ye die...

[.[# ### # #8H8#
#. #. :.|# #. ##
.. #8. # .#. #
####...# .# ##
...#8.8#. #... .
#.####.##H##..# ##
#...@.ยง..(....#.#
#..
#####.###..####.#
#. ..*..#.#.#...#
#.. #####.###.##
.# # # # ......
..# #. #######
#.### ### #...# #
### # . .


You could see a minotaur and a friendly battlesphere.

Vanquished Creatures
  Erolcha (D:8)
  Erica (D:10)
  Nergalle (Lair:1)
  Pikel (D:6)
  An elephant (D:10)
  The ghost of Xelenos the Skirmisher, a novice MiFi of Okawaru (D:5)
  Maurice (D:8)
  A troll (D:9)
  3 centaurs
  A two-headed ogre (D:8)
  Prince Ribbit (D:8)
  Sigmund (D:5)
  2 redbacks (Lab)
  8 yaks (D:9)
  5 hungry ghosts
  A hippogriff (D:8)
  Grum (D:8)
  Duvessa (D:4)
  A water moccasin (D:9)
  A porcupine (Lair:1)
  2 ice beasts
  3 sky beasts
  A slave (D:6)
  4 orc warriors
  An eye of draining (D:9)
  A phantom (D:10)
  2 necrophages
  7 ogres
  4 wolves (D:8)
  2 crocodiles (D:10)
  8 giant frogs
  Dowan (D:4)
  A wyvern zombie (D:6)
  A wyvern skeleton (D:9)
  4 scorpions
  7 wights
  6 killer bees
  An electric eel (D:6)
  3 crimson imps
  A wasp zombie (D:6)
  A quasit (D:10)
  3 hounds
  2 jellies
  9 orc wizards
  6 orc priests
  Terence (D:2)
  5 iguanas
  5 worker ants
  8 sheep (Lair:1)
  A hound zombie (D:5)
  8 gnolls
  11 adders
  A shadow imp (D:5)
  3 oozes
  3 adder skeletons
  6 dart slugs
  2 worms (D:2)
  3 giant geckos
  41 orcs
  7 bats
  5 giant cockroaches
  13 goblins
  13 hobgoblins
  20 jackals
  16 kobolds
  8 quokkas
  A ball python (D:3)
  A giant gecko skeleton (D:4)
  3 giant newts
  2 jackal zombies (D:8)
  A kobold skeleton (D:8)
  A quokka skeleton (D:5)
  7 rats
311 creatures vanquished.

Vanquished Creatures (others)
  3 slaves (D:6)
3 creatures vanquished.

Grand Total: 314 creatures vanquished

Notes
Turn   | Place    | Note
--------------------------------------------------------------
     0 | D:1      | Heedrag the Deep Elf Conjurer began the quest for the Orb.
     0 | D:1      | Reached XP level 1. HP: 10/10 MP: 6/6
   159 | D:1      | Reached XP level 2. HP: 15/15 MP: 1/8
   572 | D:1      | Reached skill level 5 in Conjurations
   742 | D:1      | Reached XP level 3. HP: 19/19 MP: 6/10
  1393 | D:2      | Reached XP level 4. HP: 24/24 MP: 9/12
  1404 | D:2      | Noticed Terence
  1414 | D:2      | Killed Terence
  2273 | D:3      | Learned a level 4 spell: Iskenderun's Mystic Blast
  2286 | D:3      | Reached skill level 5 in Spellcasting
  2293 | D:3      | Reached skill level 6 in Conjurations
  2397 | D:3      | Reached XP level 5. HP: 28/28 MP: 10/14
  2628 | D:3      | Learned a level 5 spell: Iskenderun's Battlesphere
  2662 | D:4      | Noticed Duvessa
  2663 | D:4      | Noticed Dowan
  3138 | D:4      | Found an opulent altar of Gozag.
  3148 | D:4      | Reached skill level 1 in Charms
  3286 | D:4      | Reached XP level 6. HP: 32/32 MP: 5/16
  3822 | D:4      | Reached skill level 7 in Conjurations
  4601 | D:4      | Reached XP level 7. HP: 34/36 MP: 4/18
  4715 | D:4      | Found a staircase to the Ecumenical Temple.
  4728 | Temple   | Entered the Ecumenical Temple
  4821 | D:5      | Entered Level 5 of the Dungeon
  4849 | D:5      | Noticed Xelenos's ghost (novice MiFi)
  4981 | D:5      | Noticed Sigmund
  5002 | D:5      | Killed Sigmund
  5147 | D:5      | Found Kaimpyul's Jewellery Emporium.
  5281 | D:4      | Killed Duvessa
  5281 | D:4      | Reached skill level 8 in Conjurations
  5502 | D:4      | Killed Dowan
  5732 | D:5      | Killed Xelenos's ghost
  5732 | D:5      | Reached skill level 9 in Conjurations
  5732 | D:5      | Reached skill level 5 in Charms
  5732 | D:5      | Reached XP level 8. HP: 22/41 MP: 0/21
  5927 | D:5      | Reached skill level 1 in Fighting
  6264 | D:5      | Gained mutation: Your spells are a little harder to cast, but a little more powerful. [mutagenic meat]
  6407 | D:6      | Noticed Pikel
  6416 | D:6      | Killed Pikel
  6416 | D:6      | Reached XP level 9. HP: 49/49 MP: 11/23
  6773 | D:6      | Reached skill level 10 in Conjurations
  7897 | D:7      | Found an oddly glowing altar of Pakellas.
  7901 | D:7      | Found a shattered altar of Ashenzari.
  7967 | D:7      | Found a basalt altar of Yredelemnul.
  7967 | D:7      | Found a deep blue altar of Sif Muna.
  7967 | D:7      | Found a stormy altar of Qazlal.
  7972 | D:7      | Found a radiant altar of Vehumet.
  7976 | D:7      | Became a worshipper of Vehumet
  8602 | D:8      | Noticed Erolcha
  8609 | D:8      | Killed Erolcha
  8609 | D:8      | Reached skill level 5 in Dodging
  8609 | D:8      | Reached XP level 10. HP: 21/58 MP: 6/25
  8759 | D:8      | Noticed Prince Ribbit
  8767 | D:8      | Killed Prince Ribbit
  8912 | D:8      | Noticed Maurice
  8926 | D:8      | Killed Maurice
  8926 | D:8      | Reached skill level 5 in Fighting
  9056 | D:8      | Reached skill level 11 in Conjurations
  9259 | D:8      | Found Ryduopt's Assorted Antiques.
  9337 | D:8      | Reached * piety under Vehumet
  9337 | D:8      | Offered knowledge of Freeze by Vehumet.
  9404 | D:8      | Found a runed door.
  9407 | D:8      | Found a basalt altar of Yredelemnul.
  9828 | D:8      | Noticed Grum
  9830 | D:8      | Reached skill level 10 in Spellcasting
  9834 | D:8      | Killed Grum
 10508 | D:9      | Reached ** piety under Vehumet
 10508 | D:9      | Offered knowledge of Flame Tongue by Vehumet.
 10689 | D:9      | Reached XP level 11. HP: 64/64 MP: 17/27
 10764 | D:9      | Cast into level 2 of the Abyss (a distortion unwield)
 10765 | Abyss:2  | Found a basalt altar of Yredelemnul.
 10774 | D:9      | Escaped the Abyss
 10787 | D:9      | Found a radiant altar of Vehumet.
 10955 | D:9      | Learned a level 1 spell: Flame Tongue
 10970 | D:9      | Offered knowledge of Stone Arrow by Vehumet.
 11155 | D:9      | Reached skill level 12 in Conjurations
 11161 | D:9      | Gained mutation: Your muscles are strong. (Str +2) [mutagenic meat]
 11162 | D:9      | Gained mutation: Your skin changes colour to match your surroundings (Stealth). [mutagenic meat]
 11163 | D:9      | Gained mutation: You evolve. [mutagenic meat]
 11165 | D:9      | Gained mutation: Your magical capacity is low (-10% MP). [mutagenic meat]
 11166 | D:9      | Gained mutation: Your flesh is heat resistant. [mutagenic meat]
 11191 | D:9      | Reached *** piety under Vehumet
 11307 | D:9      | Lost mutation: Your muscles are strong. (Str +2) [evolution]
 11484 | D:10     | Entered Level 10 of the Dungeon
 11484 | D:10     | Found a stormy altar of Qazlal.
 11499 | D:10     | Found a staircase to the Lair.
 11634 | D:10     | Offered knowledge of Mephitic Cloud by Vehumet.
 11652 | D:10     | Noticed Erica
 11657 | D:10     | Killed Erica
 11657 | D:10     | Reached skill level 10 in Charms
 11659 | D:10     | Reached skill level 1 in Fire Magic
 11809 | Lair:1   | Entered Level 1 of the Lair of Beasts
 11809 | Lair:1   | Noticed Nergalle
 11812 | Lair:1   | Killed Nergalle
 11983 | Lair:1   | Found a labyrinth entrance.
 11996 | Lab      | Entered a labyrinth
 12407 | Lab      | Reached **** piety under Vehumet
 13501 | Lab      | Noticed a minotaur
 13510 | Lab      | Shot with an arrow by a minotaur

Skill      XL: |  1  2  3  4  5  6  7  8  9 10 11 |
---------------+----------------------------------+-----
Conjurations   | 5 6 7 9 10 11 12 | 12.5
Spellcasting   | 4 5 6 7 8 9 10 | 10.9
Charms         | 1 3 5 6 8 9 10 | 10.2
Fighting       | 2 4 6 7 |  7.1
Dodging        | 3 5 6 7 |  7.3
Fire Magic     | 2 |  2.1
Stealth        | |  2.4

Action                   |  1- 3 |  4- 6 |  7- 9 | 10-12 || total
-------------------------+-------+-------+-------+-------++-------
Melee: Short sword       |     8 |       |       |       ||     8
       Hand axe          |       |    24 |       |       ||    24
       Spear             |       |       |     1 |    15 ||    16
       Staff             |       |       |       |     2 ||     2
 Cast: Magic Dart        |    82 |   242 |   153 |   235 ||   712
       Iskenderun's Myst |       |     1 |     5 |    16 ||    22
       Iskenderun's Batt |       |       |    27 |    49 ||    76
  Use: Scroll            |       |       |       |    11 ||    11
  Eat: Chunk             |     1 |    10 |    20 |    24 ||    55
       Beef jerky        |       |       |       |     4 ||     4
Armor: Robe              |     3 |    12 |     1 |     7 ||    23
Dodge: Dodged            |    21 |    62 |    26 |    24 ||   133
Block: Other             |       |    17 |       |       ||    17
       Reflection        |       |     1 |       |       ||     1
